 Dungeon Crawl Stone Soup version 0.28.0-47-ge53b351184 (webtiles) character file.

Game seed: 10960037367539462523

372 hawla the Changer (level 6, -4/25 HPs)
             Began as a Felid Transmuter on May 2, 2022.
             Slain by a centaur warrior zombie (10 damage)
             ... on level 5 of the Dungeon.
             The game lasted 00:15:47 (5065 turns).

hawla the Changer (Felid Transmuter)                Turns: 5065, Time: 00:15:48

Health: -4/25      AC:  2    Str:  6    XL:     6   Next: 43%
Magic:  8/12       EV: 22    Int: 16    God:
Gold:   163        SH:  0    Dex: 22    Spells: 6/12 levels left
                                        Lives:  0   Deaths: 1

rFire   . . .      SeeInvis +     - Unarmed
rCold   + . .      Faith    .   (shield unavailable)
rNeg    . . .      Spirit   .   (armour unavailable)
rPois   x          Reflect  .   (helmet unavailable)
rElec   .          Harm     .   (cloak unavailable)
rCorr   .          Rampage  .   (gloves unavailable)
Will    .....                   (boots unavailable)
Stlth   ++........              (no amulet)
HPRegen 0.08/turn               b - ring of protection from cold
MPRegen 0.13/turn               (no ring)

@: spider-form, very slightly contaminated
A: venomous fangs, tiny, (claws 1), (fangs 3), see invisible, (speed 1), (shaggy
fur 2), (stealthy paws), no weapons or thrown items, no armour, multi-lived
a: End Transformation


You were on level 5 of the Dungeon.
You were a venomous arachnid creature.
You visited 1 branch of the dungeon, and saw 6 of its levels.

You collected 163 gold pieces.

Inventory:

Jewellery
 b - a ring of protection from cold (left front leg)
Scrolls
 a - 2 scrolls of identify
 f - a scroll of acquirement {unknown}
 h - a scroll of enchant armour {unknown}
 j - a scroll of fog {unknown}
 k - a scroll of teleportation
 l - a scroll of amnesia {unknown}
 m - a scroll of holy word {unknown}
 n - a scroll of noise {unknown}
Potions
 c - a potion of mutation
 d - 2 potions of attraction
 e - 2 potions of curing
 g - a potion of might {unknown}
 i - a potion of brilliance {unknown}


   Skills:
 - Level 1.1 Fighting
 - Level 3.7 Dodging
 - Level 1.1 Stealth
 - Level 3.9 Unarmed Combat
 + Level 3.9 Spellcasting
 * Level 5.5 Transmutations
 * Level 2.2 Poison Magic


You had 6 spell levels left.
You knew the following spells:

 Your Spells              Type           Power      Damage    Failure   Level
a - Beastly Appendage     Tmut           42%        N/A       8%          1
b - Wereblood             Tmut           21%        N/A       10%         2
c - Spider Form           Tmut/Pois      15%        N/A       26%         3

Your spell library contained the following spells:

 Spells                   Type           Power      Damage    Failure   Level
 Call Canine Familiar     Summ           3%         N/A       67%         3
 Dazzling Flash           Conj/Hex       6%         N/A       67%         3
 Ice Form                 Ice/Tmut       12%        N/A       69%         4
 Leda's Liquefaction      Hex/Erth       1%         N/A       95%         4
 Agony                    Necr           3%         N/A       100%        5
 Silence                  Hex/Air        1%         N/A       100%        5
 Portal Projectile        Hex/Tloc       Unusable   N/A       N/A         3

Dungeon Overview and Level Annotations

Branches:
Dungeon (6/15)
 Temple: D:4-7

Altars:
Sif Muna
The Shining One

Annotations:
D:5 Grinder


Innate Abilities, Weirdness & Mutations

You are a venomous arachnid creature.
You have poisonous fangs.
You are tiny and dextrous.
Your spellcasting is less reliable in this form.
((You have sharp claws.))
((You have razor-sharp teeth.))
You have supernaturally acute eyesight. (SInv)
((You cover ground quickly. (Speed+)))
((You are covered in thick fur. (AC +2)))
((Your paws help you pounce on unaware monsters.))
You are incapable of wielding weapons or throwing items.
You cannot wear armour.
You gain extra lives every three experience levels.


Message History

Found a book of Changes.
You now have 163 gold pieces (gained 13).
Casting: Beastly Appendage (safe; 1% risk of failure)
Confirm with . or Enter, or press ? or * to list all spells.
The spell is quite dangerous to miscast (11% risk of failure)!
Continue anyway? [Y]es or [N]o only, please.
The spell is quite dangerous to miscast (11% risk of failure)!
Continue anyway?
You turn into a venomous arachnid creature.
The gnoll hits you with a +0 club!
You hit the gnoll.
The gnoll is poisoned.
The gnoll is moderately wounded.
The gnoll barely misses you.
You barely miss the gnoll.
The gnoll is moderately wounded.
The gnoll misses you.
The centaur warrior zombie completely misses you.
The centaur warrior zombie barely misses you.
You hit the gnoll but do no damage.
The gnoll looks as sick as possible!
The gnoll is moderately wounded.
The gnoll closely misses you.
The centaur warrior zombie closely misses you.
The centaur warrior zombie kicks you.
Casting: Spider Form (extremely dangerous; 26% risk of failure)
Confirm with . or Enter, or press ? or * to list all spells.
You miscast Wereblood.
You are very lightly contaminated with residual magic.
Nothing appears to happen.
The gnoll misses you. The centaur warrior zombie hits you.
The centaur warrior zombie kicks you.
You kill the gnoll!
You see here a potion of flight.
You bite the centaur warrior zombie!
The centaur warrior zombie is lightly damaged.
The centaur warrior zombie barely misses you.
The centaur warrior zombie misses you. The centaur warrior zombie hits you.
* * * LOW HITPOINT WARNING * * *
The centaur warrior zombie kicks you but does no damage.
You completely miss the centaur warrior zombie.
The centaur warrior zombie is lightly damaged.
The centaur warrior zombie hits you!
You die...

...... #. ###.<#### ...#...†.##.
.# #..##....#.. ...# #.##
#.......... ....# .
...####......... ##
##...#.######...###.........
#.##....#..................##..
##...................##.....##..
#..........(...s...####.........
#.............)Z.....#.#........
#......Z...##...................
#.....†5..####..................
#........<# #...............#..
##.....#....#..........##..#.#..
#.....##..............##....##.
##....#...............#.#....##
###.?#...?..##............#...


You could see a centaur warrior zombie.

Vanquished Creatures
  2 ogres
  2 scorpions (D:4)
  A water moccasin skeleton (D:4)
  A bullfrog zombie (D:5)
  2 iguanas
  A hound skeleton (D:4)
  A gnoll (D:5)
  A howler monkey skeleton (D:5)
  3 adders
  An ufetubus (D:6)
  A worm (D:4)
  2 dart slugs (D:2)
  3 orcs (D:5)
  3 ball pythons
  7 endoplasms
  4 giant cockroaches
  2 goblins
  5 hobgoblins
  7 jackals
  7 kobolds
  4 quokkas
  4 bats
  5 frilled lizards
  4 rats
73 creatures vanquished.

Notes
Turn   | Place    | Note
-------+----------+-------------------------------------------
     0 | D:1      | hawla the Felid Transmuter began the quest for the Orb.
     0 | D:1      | Reached XP level 1. HP: 9/9 MP: 4/4
   320 | D:1      | Reached XP level 2. HP: 12/12 MP: 6/6
   323 | D:1      | Learned a level 2 spell: Wereblood
   679 | D:1      | Found a faded altar of an unknown god.
   971 | D:2      | Reached XP level 3. HP: 15/15 MP: 3/7
  1037 | D:2      | Found a glowing golden altar of the Shining One.
  1845 | D:3      | Reached skill level 3 in Transmutations
  2590 | D:4      | Reached XP level 4. HP: 12/19 MP: 4/9
  2726 | D:4      | Reached skill level 1 in Stealth
  2726 | D:4      | Reached XP level 5. HP: 15/22 MP: 7/10
  2896 | D:4      | Noticed an ogre
  2952 | D:4      | Learned a level 3 spell: Spider Form
  3364 | D:4      | Reached skill level 4 in Transmutations
  3364 | D:4      | Reached skill level 1 in Poison Magic
  3487 | D:4      | Killed an ogre
  3488 | D:4      | Gained mutation: You are covered in thick fur. (AC +2)
                  | [Felid growth]
  3488 | D:4      | Reached XP level 6. HP: 25/25 MP: 7/12
  3609 | D:4      | Found the +2 ratskin cloak {*Rats rPois rN+ Str-1 Int-1
                  | Dex+1}
  4022 | D:5      | Entered Level 5 of the Dungeon
  4022 | D:5      | Noticed Grinder
  4049 | D:5      | Paralysed by Grinder for 6 turns
  4051 | D:5      | Slain by a centaur warrior zombie
  4052 | D:5      | Reached XP level 5. HP: -2/22 MP: 8/11
  4527 | D:5      | Noticed an ogre
  4538 | D:5      | Killed an ogre
  4539 | D:5      | Reached skill level 5 in Transmutations
  4539 | D:5      | Reached XP level 6. HP: 25/25 MP: 7/12
  4582 | D:5      | Found a shimmering blue altar of Sif Muna.
  5065 | D:5      | Slain by a centaur warrior zombie

Illustrated notes

Levels and vault maps discovered:
D:1:      wander_arrival_estate, layout_rooms,
          hellmonk_ecumenical_altar_blasted, minmay_pentomino_x4
D:2:      layout_basic, basic_altar, serial_corexii_hall,
          chequers_hall_statues_y, chequers_hall_statues_corner_a
D:3:      layout_basic
D:4:      layout_basic, hangedman_decor_diamond_cutter,
          small_statue_intersection
D:5:      layout_cave_pools, mainiacjoe_overflow_cross_hatched, uniq_grinder
D:6:      layout_basic, kennysheep_mini, minmay_temple_entry_hall

Skill      XL: |  1  2  3  4  5 |
---------------+----------------+-----
Dodging        | 3 |  3.7
Transmutations | 3 5 |  5.5
Stealth        | 1 |  1.1
Spellcasting   | 3 |  3.9
Poison Magic   | 2 |  2.2
Fighting       | |  1.1
Unarmed Combat | |  3.9

Action                   |  1- 3 |  4- 6 || total
-------------------------+-------+-------++-------
Melee: Unarmed           |   104 |   139 ||   243
       Punch             |     6 |     3 ||     9
       Bite              |    12 |    10 ||    22
       Headbutt          |     8 |     9 ||    17
 Cast: Beastly Appendage |    17 |    10 ||    27
       Wereblood         |     6 |    10 ||    16
       Spider Form       |       |     9 ||     9
  Use: Scroll            |     4 |       ||     4
       Potion            |     1 |     5 ||     6
 Stab: Sleeping          |     3 |     1 ||     4
Armor: Skin              |     7 |     9 ||    16
Dodge: Dodged            |    88 |   128 ||   216
